Workbook
Name \P: #REF!
Name \P: #REF!

Sheet English
A1: Insurers Tax Contributions in 2025
A2: ($millions)
B3: NL | C3: PE | D3: NS | E3: NB | F3: QC | G3: ON | H3: MB | I3: SK | J3: AB | K3: BC | L3: TR | M3: Provincial | N3: Federal | O3: Total Canada
A5: Taxes Borne:
A6: Corporate Income Taxes | B6: 14 | C6: 3 | D6: 18 | E6: 17 | F6: 325 | G6: 483 | H6: 28 | I6: 24 | J6: 77 | K6: 119 | L6: 2 | M6: 1111 | N6: 1696 | O6: 2807
A7: Capital Taxes | B7: 0 | C7: 0 | D7: 0 | E7: 0 | F7: 20 | G7: -2 | H7: 0 | I7: 0 | J7: 0 | K7: 0 | L7: 0 | M7: 18 | N7: 144 | O7: 162
A8: Premium Tax Expense | B8: 61 | C8: 9 | D8: 46 | E8: 27 | F8: 691 | G8: 857 | H8: 45 | I8: 57 | J8: 258 | K8: 186 | L8: 8 | M8: 2245 | N8: 0 | O8: 2245
A9: Payroll Tax Expense (Employer's Share) | B9: < 1 | C9: 1 | D9: 2 | E9: 8 | F9: 224 | G9: 119 | H9: 18 | I9: 2 | J9: < 1 | K9: 4 | L9: 0 | M9: 377 | N9: 246 | O9: 623
A10: Sales & Excise Tax Expense | B10: 5 | C10: 1 | D10: 6 | E10: 6 | F10: 101 | G10: 182 | H10: 18 | I10: 5 | J10: 0 | K10: 1 | L10: 0 | M10: 325 | N10: 204 | O10: 529
A11: Investment Income Tax Expense | B11: 0 | C11: 0 | D11: 0 | E11: 0 | F11: 0 | G11: 0 | H11: 0 | I11: 0 | J11: 0 | K11: 0 | L11: 0 | M11: 0 | N11: 262 | O11: 262
A12: Property & Business Tax Tax Expense | B12: < 1 | C12: < 1 | D12: 1 | E12: 1 | F12: 137 | G12: 186 | H12: 4 | I12: 2 | J12: 37 | K12: 37 | L12: 0 | M12: 405 | N12: 57 | O12: 462
A13: Total Taxes Borne | B13: 80 | C13: 14 | D13: 73 | E13: 58 | F13: 1498 | G13: 1824 | H13: 113 | I13: 90 | J13: 373 | K13: 347 | L13: 9 | M13: 4480 | N13: 2609 | O13: 7089
A15: Taxes Collected:
A16: Sales Taxes on Premiums | B16: 0 | C16: 0 | D16: 0 | E16: 0 | F16: 1264 | G16: 2421 | H16: 52 | I16: 0 | J16: 0 | K16: 0 | L16: 0 | M16: 3738 | N16: 0 | O16: 3738
A17: Payroll Tax (Employee's Share) | B17: 0 | C17: 0 | D17: 0 | E17: 0 | F17: 0 | G17: 0 | H17: 0 | I17: 0 | J17: 0 | K17: 0 | L17: 0 | M17: 0 | N17: 1880 | O17: 1880
A18: Total Taxes Collected | B18: 0 | C18: 0 | D18: 0 | E18: 0 | F18: 1264 | G18: 2421 | H18: 52 | I18: 0 | J18: 0 | K18: 0 | L18: 0 | M18: 3738 | N18: 1880 | O18: 5617
A20: Total Tax Contributions | B20: 80 | C20: 14 | D20: 73 | E20: 58 | F20: 2763 | G20: 4245 | H20: 166 | I20: 90 | J20: 373 | K20: 347 | L20: 9 | M20: 8218 | N20: 4489 | O20: 12706
A22: *Totals may not equal to the sum of their components due to rounding

Sheet Français
A1: Contribution fiscale des assureurs en 2025
A2: (en millions de $)
A3: =IF(ISBLANK(English!A3),"",English!A3) | B3: NL | C3: PE | D3: NS | E3: NB | F3: QC | G3: ON | H3: MB | I3: SK | J3: AB | K3: BC | L3: TR | M3: Au niveau provincial | N3: Au niveau fédéral | O3: Total pour le Canada
A4: =IF(ISBLANK(English!A4),"",English!A4)
A5: Taxes et impôts pris en charge :
A6: Impôt sur le revenu des sociétés | B6: =English!B6 -> 14 | C6: =English!C6 -> 3 | D6: =English!D6 -> 18 | E6: =English!E6 -> 17 | F6: =English!F6 -> 325 | G6: =English!G6 -> 483 | H6: =English!H6 -> 28 | I6: =English!I6 -> 24 | ... O6: =English!O6 -> 2807
A7: Impôts sur le capital | B7: =English!B7 -> 0 | C7: =English!C7 -> 0 | D7: =English!D7 -> 0 | E7: =English!E7 -> 0 | F7: =English!F7 -> 20 | G7: =English!G7 -> -2 | H7: =English!H7 -> 0 | I7: =English!I7 -> 0 | ... O7: =English!O7 -> 162
A8: Taxes sur primes | B8: =English!B8 -> 61 | C8: =English!C8 -> 9 | D8: =English!D8 -> 46 | E8: =English!E8 -> 27 | F8: =English!F8 -> 691 | G8: =English!G8 -> 857 | H8: =English!H8 -> 45 | I8: =English!I8 -> 57 | ... O8: =English!O8 -> 2245
A9: Cotisations sociales (part de l'employeur) | B9: =English!B9 -> < 1 | C9: =English!C9 -> 1 | D9: =English!D9 -> 2 | E9: =English!E9 -> 8 | F9: =English!F9 -> 224 | G9: =English!G9 -> 119 | H9: =English!H9 -> 18 | I9: =English!I9 -> 2 | ... O9: =English!O9 -> 623
A10: Taxes de vente et d'accise | B10: =English!B10 -> 5 | C10: =English!C10 -> 1 | D10: =English!D10 -> 6 | E10: =English!E10 -> 6 | F10: =English!F10 -> 101 | G10: =English!G10 -> 182 | H10: =English!H10 -> 18 | I10: =English!I10 -> 5 | ... O10: =English!O10 -> 529
A11: Impôt sur le revenu de placement | B11: =English!B11 -> 0 | C11: =English!C11 -> 0 | D11: =English!D11 -> 0 | E11: =English!E11 -> 0 | F11: =English!F11 -> 0 | G11: =English!G11 -> 0 | H11: =English!H11 -> 0 | I11: =English!I11 -> 0 | ... O11: =English!O11 -> 262
A12: Impôt foncier et taxe d'affaires | B12: =English!B12 -> < 1 | C12: =English!C12 -> < 1 | D12: =English!D12 -> 1 | E12: =English!E12 -> 1 | F12: =English!F12 -> 137 | G12: =English!G12 -> 186 | H12: =English!H12 -> 4 | I12: =English!I12 -> 2 | ... O12: =English!O12 -> 462
A13: Total des taxes et impôts pris en charge | B13: =English!B13 -> 80 | C13: =English!C13 -> 14 | D13: =English!D13 -> 73 | E13: =English!E13 -> 58 | F13: =English!F13 -> 1498 | G13: =English!G13 -> 1824 | H13: =English!H13 -> 113 | I13: =English!I13 -> 90 | ... O13: =English!O13 -> 7089
A15: Taxes et impôts perçus :
A16: Taxes de vente sur primes | B16: =English!B16 -> 0 | C16: =English!C16 -> 0 | D16: =English!D16 -> 0 | E16: =English!E16 -> 0 | F16: =English!F16 -> 1264 | G16: =English!G16 -> 2421 | H16: =English!H16 -> 52 | I16: =English!I16 -> 0 | ... O16: =English!O16 -> 3738
A17: Cotisations sociales (part des salariés) | B17: =English!B17 -> 0 | C17: =English!C17 -> 0 | D17: =English!D17 -> 0 | E17: =English!E17 -> 0 | F17: =English!F17 -> 0 | G17: =English!G17 -> 0 | H17: =English!H17 -> 0 | I17: =English!I17 -> 0 | ... O17: =English!O17 -> 1880
A18: Total des taxes et impôts perçus : | B18: =English!B18 -> 0 | C18: =English!C18 -> 0 | D18: =English!D18 -> 0 | E18: =English!E18 -> 0 | F18: =English!F18 -> 1264 | G18: =English!G18 -> 2421 | H18: =English!H18 -> 52 | I18: =English!I18 -> 0 | ... O18: =English!O18 -> 5617
A19: =IF(ISBLANK(English!A19),"",English!A19)
A20: Total des contributions fiscales | B20: =English!B20 -> 80 | C20: =English!C20 -> 14 | D20: =English!D20 -> 73 | E20: =English!E20 -> 58 | F20: =English!F20 -> 2763 | G20: =English!G20 -> 4245 | H20: =English!H20 -> 166 | I20: =English!I20 -> 90 | ... O20: =English!O20 -> 12706
A22: * Les totaux peuvent ne pas correspondre à la somme de leurs composantes en raison de l'arrondissement.
A55: =IF(ISBLANK(English!A29),"",English!A29)
A56: =IF(ISBLANK(English!A30),"",English!A30)
A57: =IF(ISBLANK(English!A31),"",English!A31)
A58: =IF(ISBLANK(English!A32),"",English!A32)
A59: =IF(ISBLANK(English!A33),"",English!A33)
A60: =IF(ISBLANK(English!A34),"",English!A34)
A61: =IF(ISBLANK(English!A35),"",English!A35)
A62: =IF(ISBLANK(English!A36),"",English!A36)
A63: =IF(ISBLANK(English!A37),"",English!A37)
